 Dungeon Crawl Stone Soup version 0.24-a0-361-g57161393b2 (webtiles) character file.

Game seed: 9249499312520504237

620 Borgoz the Cudgeler (level 7, -8/44 HPs)
             Began as a Gargoyle Monk on May 26, 2019.
             Mangled by an ogre
             ... wielding a +0 giant club
              (11 damage)
             ... on level 5 of the Dungeon.
             The game lasted 00:06:29 (4209 turns).

Borgoz the Cudgeler (Gargoyle Monk)                 Turns: 4209, Time: 00:06:30

Health: -8/44      AC: 18    Str: 14    XL:     7   Next: 46%
Magic:  7/7        EV:  5    Int: 11    God:
Gold:   251        SH:  0    Dex: 14    Spells: 6/6 levels left

rFire    . . .     SeeInvis .   q - +0 flail
rCold    . . .     Gourm    .   (no shield)
rNeg     + . .     Faith    .   v - +0 plate armour
rPois    ∞         Spirit   .   (no helmet)
rElec    +         Reflect  .   s - +0 cloak
rCorr    .         Harm     .   (no gloves)
MR       +....                  w - +0 pair of boots
Stlth    ..........             (no amulet)
HPRegen  0.14/turn              n - ring of protection from magic
MPRegen  0.10/turn              (no ring)

@: no status effects
A: negative energy resistance 1, electricity resistance, unbreathing,
petrification resistance, rot immunity, AC +4
a: no special abilities


You were on level 5 of the Dungeon.
You were not hungry.

You visited 1 branch of the dungeon, and saw 5 of its levels.

You collected 251 gold pieces.

Inventory:

Hand Weapons
 q - a +0 flail (weapon)
Armour
 s - a +0 cloak (worn)
 v - a +0 plate armour (worn)
 w - a +0 pair of boots (worn)
Jewellery
 n - a ring of protection from magic (left hand)
Wands
 e - a wand of flame (15)
Scrolls
 a - a scroll of random uselessness {unknown}
 d - 5 scrolls of teleportation
 f - 5 scrolls of identify {unknown}
 g - a scroll of blinking {unknown}
 h - 5 scrolls of remove curse
 j - 2 scrolls of fear {unknown}
 m - a scroll of immolation {unknown}
 u - a scroll of enchant weapon {unknown}
Potions
 b - a potion of heal wounds {unknown}
 i - a potion of magic
 k - a potion of experience {unknown}
 o - a potion of flight {unknown}
 p - a potion of brilliance {unknown}
 r - a potion of mutation {unknown}
Comestibles
 c - 5 rations
 l - 2 chunks of flesh


   Skills:
 + Level 4.7 Fighting
 * Level 5.4 Maces & Flails
 + Level 3.2 Armour
 * Level 4.4 Dodging
 - Level 2.1 Stealth


You had 6 spell levels left.
You didn't know any spells.
Your spell library was empty.

Dungeon Overview and Level Annotations

Branches:
Dungeon (5/15)
 Temple: D:4-7

Altars:
Gozag


Innate Abilities, Weirdness & Mutations

You are resistant to torment.
Your stone body is resilient. (AC +4)
You are immune to poison.
You resist negative energy. (rN+)
You are resistant to electric shocks. (rElec)
You can survive without breathing.
You are immune to petrification.
You are immune to rotting.


Message History

You hit the ogre.
The ogre is heavily wounded.
You hit the ogre.
The ogre is severely wounded.
The ogre hits you with a +0 giant club!!
You are too injured to fight recklessly!
You sock the ogre!
The ogre is almost dead.
The ogre hits you with a +0 giant club.
* * * LOW HITPOINT WARNING * * *
You hit the ogre.
The ogre is almost dead.
The ogre hits you with a +0 giant club!
* * * LOW HITPOINT WARNING * * *
Okay, then.
Evoke which item? (* to show all) (? for menu, Esc to quit)
Okay, then.
It was a potion of magic.
Magic courses through your body. The ogre hits you with a +0 giant club!
You die...

#........###.###.#
...................#
##############.#####
...# #)#####
#######.####÷)...#.
...................#
######.########.###
#.# # #@# #O# #o#
.g. ... ..... .....
.......


You could see an ogre, a gnoll and an orc.

Vanquished Creatures
  A centaur (D:3)
  A scorpion (D:4)
  A howler monkey (D:4)
  A centaur zombie (D:4)
  A hound (D:4)
  2 orc priests
  An orc wizard (D:4)
  A worker ant (D:4)
  6 adders (D:2)
  11 gnolls
  3 oozes
  An adder zombie (D:5)
  6 worms
  3 dart slugs (D:1)
  3 leopard geckos
  8 orcs
  6 bats
  2 giant cockroaches
  7 goblins
  9 hobgoblins
  A quokka (D:3)
  3 frilled lizards
  10 kobolds
  6 rats
94 creatures vanquished.

Vanquished Creatures (others)
  2 plants (D:2)
2 creatures vanquished.

Grand Total: 96 creatures vanquished

Notes
Turn   | Place    | Note
-------+----------+-------------------------------------------
     0 | D:1      | Borgoz the Gargoyle Monk began the quest for the Orb.
     0 | D:1      | Reached XP level 1. HP: 14/14 MP: 1/1
    76 | D:1      | Reached XP level 2. HP: 19/19 MP: 2/2
   256 | D:1      | Reached skill level 1 in Armour
   280 | D:1      | Reached XP level 3. HP: 22/23 MP: 3/3
   832 | D:2      | Reached XP level 4. HP: 21/29 MP: 4/4
  1475 | D:2      | Reached skill level 4 in Maces & Flails
  1475 | D:2      | Reached XP level 5. HP: 31/33 MP: 5/5
  1858 | D:3      | Noticed a centaur
  1877 | D:3      | Killed a centaur
  1877 | D:3      | Reached XP level 6. HP: 21/38 MP: 6/6
  2091 | D:3      | Found an opulent altar of Gozag.
  3287 | D:4      | Reached skill level 5 in Maces & Flails
  3287 | D:4      | Reached XP level 7. HP: 37/44 MP: 7/7
  4101 | D:5      | Entered Level 5 of the Dungeon
  4209 | D:5      | Mangled by an ogre

Levels and vault maps discovered:
D:1:      saegor_arrival_simple_d, layout_loops_ring
D:2:      layout_basic, serial_bayou_lagoon_a
D:3:      layout_basic, nicolae_gozag_seed_capital, first_ration,
          kennysheep_decorative_pillar
D:4:      layout_basic
D:5:      layout_basic

Skill      XL: |  1  2  3  4  5  6  7 |
---------------+----------------------+-----
Armour         | 1 2 3 |  3.2
Dodging        | 3 4 |  4.4
Maces & Flails | 4 5 |  5.4
Fighting       | 4 |  4.7
Stealth        | |  2.1

Action                   |  1- 3 |  4- 6 |  7- 9 || total
-------------------------+-------+-------+-------++-------
Melee: Mace              |    78 |   197 |       ||   275
       Flail             |       |    63 |    84 ||   147
  Use: Scroll            |     1 |     1 |       ||     2
       Potion            |       |     1 |     2 ||     3
 Stab: Sleeping          |     3 |       |       ||     3
  Eat: Chunk             |       |     8 |     3 ||    11
Armor: Robe              |     6 |       |       ||     6
       Leather armour    |    13 |       |       ||    13
       Chain mail        |     8 |   228 |    14 ||   250
       Plate armour      |       |       |    49 ||    49
Dodge: Dodged            |    53 |   130 |    24 ||   207

Table legend:
 A = Non-vault XP
 B = Vault XP
 C = Vault XP percentage of total XP
 D = Non-vault monster count
 E = Vault monster count
 F = Vault count percentage of total count
                 A         B        C        D         E       F
            +---------+---------+-------+---------+---------+-------
      Total |     886 |       0 |   0.0 |      94 |       0 |   0.0
            +---------+---------+-------+---------+---------+-------
        D:1 |      70 |       0 |   0.0 |      28 |       0 |   0.0
        D:2 |     153 |       0 |   0.0 |      22 |       0 |   0.0
        D:3 |     276 |       0 |   0.0 |      27 |       0 |   0.0
        D:4 |     338 |       0 |   0.0 |      13 |       0 |   0.0
        D:5 |      49 |       0 |   0.0 |       4 |       0 |   0.0
            +---------+---------+-------+---------+---------+-------
